[Event "Titled Tuesday Blitz October 31 Late 2023"]
[White "Matinian, Nikita"]
[Black "Mazurkiewicz, Michal"]
[WhiteFideId "24129100"]
[BlackFideId "1124943"]
[WhiteElo "2639"]
[BlackElo "2441"]
[Result "1-0"]
[Round "3"]
[TimeControl "180+1"]
[Date "2023.10.31"]
[WhiteClock "0:01:25"]
[BlackClock "0:01:16"]
[Board "77"]

1. e4 d6 2. d4 Nf6 3. Nc3 c6 4. Be3 b5 5. Bd3 e5 6. f3 Be7 7. Nge2 O-O 8. Qd2 Nbd7 9. g4 a5 10. g5 Nh5 11. Ng3 Nf4 12. h4 b4 13. Na4 d5 14. Bxf4 exf4 15. Qxf4 f6 16. g6 hxg6 17. exd5 cxd5 18. Bxg6 Ba6 19. Qf5 Bd6 20. Qxd5+ Kh8 21. Qh5+ Kg8 22. Qh7# 1-0


[Site "https://www.chess.com"]

[Event "Titled Tuesday Blitz October 31 Late 2023"]
[White "Prieto Aranguren, Alain"]
[Black "Volkov, Maksim"]
[WhiteFideId "2268906"]
[BlackFideId "54123070"]
[WhiteElo "2440"]
[BlackElo "2639"]
[Result "0-1"]
[Round "3"]
[TimeControl "180+1"]
[Date "2023.10.31"]
[WhiteClock "0:00:09"]
[BlackClock "0:00:43"]
[Board "78"]

1. e4 c5 2. Nf3 d6 3. d4 cxd4 4. Nxd4 Nf6 5. Nc3 a6 6. Bg5 e6 7. f4 Be7 8. Qe2 Qc7 9. O-O-O Nbd7 10. g4 h6 11. Bh4 b5 12. Bg3 Bb7 13. g5 hxg5 14. fxg5 Nh5 15. Bh3 Bxg5+ 16. Kb1 Be7 17. Bxe6 fxe6 18. Nxe6 Qc4 19. Qg4 Ndf6 20. Qg6+ Kd7 21. Ng5 Nxg3 22. hxg3 Rxh1 23. Rxh1 Rc8 24. e5 Bxh1 25. Qf5+ Kc7 26. exf6 Bxf6 27. Ne6+ Kb8 0-1


[Site "https://www.chess.com"]

[Event "Titled Tuesday Blitz October 31 Late 2023"]
[White "Schwabeneder, Florian"]
[Black "Miszler, Levente"]
[WhiteFideId "1626191"]
[BlackFideId "763276"]
[WhiteElo "2630"]
[BlackElo "2438"]
[Result "1-0"]
[Round "3"]
[TimeControl "180+1"]
[Date "2023.10.31"]
[WhiteClock "0:01:14"]
[BlackClock "0:02:34"]
[Board "79"]

1. d4 Nf6 2. Nf3 e6 3. g3 d5 4. Bg2 Be7 5. O-O O-O 6. c4 dxc4 7. Qa4 a6 8. Qxc4 b5 9. Qc2 Bb7 10. Bd2 Be4 11. Qc1 c6 12. a4 Nbd7 13. Nc3 Bxf3 14. Bxf3 Nd5 15. Nxd5 cxd5 16. axb5 axb5 17. Qc6 Qc8 18. Qxb5 Rb8 19. Qa4 Rxb2 20. Rfc1 Qb7 21. Bf4 Nb6 22. Qa7 Nc4 23. Qxb7 Rxb7 24. Rxc4 1-0


[Site "https://www.chess.com"]

[Event "Titled Tuesday Blitz October 31 Late 2023"]
[White "Seemann, Jakub"]
[Black "Mindhunter08"]
[WhiteFideId "21874697"]
[WhiteElo "2626"]
[BlackElo "2436"]
[Result "1-0"]
[Round "3"]
[TimeControl "180+1"]
[Date "2023.10.31"]
[WhiteClock "0:01:48"]
[BlackClock "0:00:07"]
[Board "80"]

1. b3 d5 2. Bb2 Bf5 3. Nf3 Nf6 4. e3 h6 5. Be2 e6 6. O-O Bh7 7. c4 c6 8. Nc3 Nbd7 9. Rc1 Be7 10. d3 O-O 11. Rc2 a5 12. Rd2 Qb6 13. Qa1 Qa6 14. Rc1 b5 15. cxb5 cxb5 16. a4 b4 17. Nb5 Rac8 18. Rdc2 Rxc2 19. Rxc2 Rc8 20. Qc1 Rxc2 21. Qxc2 Qb7 22. Nfd4 Nc5 23. Nf3 Nfd7 24. Ne5 Nxe5 25. Bxe5 Bg6 26. h4 Nd7 27. Bg3 Nc5 28. h5 Bf5 29. Bd6 Bxd6 30. Nxd6 Qc7 31. Nxf5 exf5 32. d4 Ne6 33. Qxf5 Qc1+ 34. Kh2 Qb2 35. Bg4 Qxb3 36. Qe5 Ng5 37. Qb8+ Kh7 38. Bf5+ g6 39. hxg6+ Kg7 40. Qc7 Qc3 41. Qe5+ Kg8 42. gxf7+ Nxf7 43. Be6 Qc6 44. Qb8+ Kg7 45. Qg3+ Kf8 46. Qg4 Qd6+ 47. g3 Ng5 48. Qf5+ Ke7 49. Bxd5 Qb6 50. f4 b3 51. fxg5 b2 52. Qf7+ Kd8 53. Qf8+ Kd7 54. Qf5+ Kd8 55. Ba2 Qb4 56. Qd5+ Ke7 57. Qc5+ Qxc5 58. dxc5 hxg5 59. Kh3 Kd7 60. Bb1 Kc6 61. Kg4 Kxc5 62. Kxg5 Kb4 63. e4 Kxa4 64. e5 Kb3 65. e6 a4 66. e7 a3 67. e8=Q a2 68. Qe6+ Kc3 69. Qxa2 1-0


[Site "https://www.chess.com"]

[Event "Titled Tuesday Blitz October 31 Late 2023"]
[White "Belenkaya, Dina"]
[Black "Bjelobrk, Igor"]
[WhiteFideId "24142654"]
[BlackFideId "4300726"]
[WhiteElo "2434"]
[BlackElo "2624"]
[Result "1/2-1/2"]
[Round "3"]
[TimeControl "180+1"]
[Date "2023.10.31"]
[WhiteClock "0:00:10"]
[BlackClock "0:00:11"]
[Board "81"]

1. Nf3 c5 2. g3 g6 3. e4 Bg7 4. Bg2 Nc6 5. d3 d6 6. O-O Rb8 7. Nc3 b5 8. h4 h6 9. Be3 b4 10. Nd5 e6 11. Nf4 Bxb2 12. Rb1 Bg7 13. d4 cxd4 14. Nxd4 Nxd4 15. Bxd4 e5 16. Bb2 Nf6 17. Nd5 Nxd5 18. Qxd5 O-O 19. f4 Be6 20. Qd2 Bxa2 21. Ra1 Bc4 22. Rfd1 a5 23. Qxd6 Qxd6 24. Rxd6 exf4 25. Bxg7 Kxg7 26. gxf4 Ra8 27. e5 Ra7 28. Rb6 Rd8 29. h5 gxh5 30. f5 Rd2 31. f6+ Kg6 32. Be4+ Kg5 33. Rc6 Be6 34. Rf1 Re2 35. Rxe6 fxe6 36. Bd3 Rxe5 37. f7 Rxf7 38. Rxf7 Re3 39. Kf2 Rh3 40. Ra7 b3 41. Rxa5+ Kf6 42. cxb3 Rxd3 43. Rxh5 Kg6 44. Rb5 h5 45. Ke2 Rd8 46. Re5 Re8 47. b4 h4 48. Kf3 h3 49. Kg3 Kf6 50. Rh5 Rb8 51. Rxh3 Rxb4 52. Kf2 Re4 53. Kf3 Re1 54. Rh6+ Ke5 55. Rh4 Kd5 56. Kf2 Re5 57. Ra4 Kd6 58. Ra6+ Ke7 59. Ra7+ Kf6 60. Ra6 Re4 61. Kf3 Kf5 62. Ra8 Re1 63. Ra5+ e5 64. Ra4 e4+ 65. Kf2 Rb1 66. Ra8 Rb2+ 67. Ke3 Rb3+ 68. Ke2 Rb5 69. Rf8+ Ke5 70. Re8+ Kd4 71. Rd8+ Rd5 72. Rxd5+ Kxd5 73. Ke3 Ke5 74. Ke2 Kd4 75. Kd2 e3+ 76. Ke2 Ke4 77. Ke1 Kd3 78. Kd1 e2+ 79. Ke1 Ke3 1/2-1/2


[Site "https://www.chess.com"]

[Event "Titled Tuesday Blitz October 31 Late 2023"]
[White "Yelisieiev, Yevhenii"]
[Black "whiteglovethief"]
[WhiteFideId "14139642"]
[WhiteElo "2615"]
[BlackElo "2434"]
[Result "1-0"]
[Round "3"]
[TimeControl "180+1"]
[Date "2023.10.31"]
[WhiteClock "0:01:03"]
[BlackClock "0:01:07"]
[Board "82"]

1. d4 d5 2. Nf3 e6 3. c4 Nf6 4. Nc3 h6 5. Bf4 Bd6 6. Bxd6 Qxd6 7. e3 O-O 8. Qc2 a6 9. cxd5 exd5 10. Bd3 c6 11. O-O Bg4 12. Ne5 Nbd7 13. f4 Nb6 14. a4 Bc8 15. a5 Nbd7 16. Kh1 c5 17. g4 cxd4 18. exd4 Ne8 19. Rg1 f6 20. Bh7+ Kh8 21. Ng6+ Kxh7 22. Nxf8+ Kg8 23. Ng6 Nf8 24. Rae1 Bd7 25. g5 hxg5 26. fxg5 fxg5 27. Rxg5 Nxg6 28. Rxg6 Qf4 29. Qg2 Bf5 30. Nxd5 1-0


[Site "https://www.chess.com"]

[Event "Titled Tuesday Blitz October 31 Late 2023"]
[White "maciejbrzeski128"]
[Black "Krishnan, Varun"]
[BlackFideId "5054508"]
[WhiteElo "2432"]
[BlackElo "2608"]
[Result "0-1"]
[Round "3"]
[TimeControl "180+1"]
[Date "2023.10.31"]
[WhiteClock "0:00:00"]
[BlackClock "0:00:14"]
[Board "83"]

1. e4 c5 2. Nc3 a6 3. f4 b5 4. Nf3 Bb7 5. d3 e6 6. g3 d5 7. Qe2 Be7 8. Bg2 Nf6 9. e5 Nfd7 10. O-O O-O 11. a4 b4 12. Nb1 Nc6 13. b3 Qb6 14. Kh1 f6 15. Bb2 fxe5 16. fxe5 Rf7 17. Nbd2 Raf8 18. h4 Qc7 19. Rae1 a5 20. Kh2 Nb6 21. Bh3 Nd8 22. Ng5 Bxg5 23. hxg5 c4 24. Bd4 cxb3 25. cxb3 Ba6 26. Rxf7 Rxf7 27. Nf3 Nd7 28. g6 hxg6 29. Ng5 Re7 30. Qg4 Qc2+ 31. Bg2 Bxd3 32. Qh4 Nf8 33. Re3 Rc7 34. Rf3 Nf7 35. Nxf7 Rxf7 36. Rxf7 Kxf7 37. Qd8 Be4 0-1


[Site "https://www.chess.com"]

[Event "Titled Tuesday Blitz October 31 Late 2023"]
[White "Colbow, Collin"]
[Black "Gabdushev, Ruslan"]
[WhiteFideId "16201132"]
[BlackFideId "4137833"]
[WhiteElo "2606"]
[BlackElo "2428"]
[Result "1-0"]
[Round "3"]
[TimeControl "180+1"]
[Date "2023.10.31"]
[WhiteClock "0:00:08"]
[BlackClock "0:00:00"]
[Board "84"]

1. b3 b6 2. Bb2 Bb7 3. e3 e6 4. Nf3 f5 5. c4 Nf6 6. Be2 Be7 7. O-O O-O 8. Nc3 Qe8 9. d3 Qg6 10. Ne1 d6 11. Bf3 c6 12. b4 e5 13. Qc2 Nbd7 14. b5 Rac8 15. bxc6 Bxc6 16. Bxc6 Rxc6 17. Qe2 Nc5 18. Nd5 Nxd5 19. cxd5 Rcc8 20. a4 Qf7 21. e4 Bg5 22. Nf3 Bf4 23. g3 Bh6 24. Nh4 g6 25. a5 Nb3 26. Ra3 Nxa5 27. exf5 gxf5 28. f4 exf4 29. gxf4 Bg7 30. Rf2 Bxb2 31. Qxb2 Qf6 32. Rg2+ Kf7 33. Nxf5 Qxb2 34. Nxd6+ Kf6 35. Rxb2 Rc1+ 36. Kf2 Rg8 37. Re2 Rgg1 38. Re6+ Kg7 39. Nf5+ Kf7 40. Nd6+ Kg7 41. d4 Rcf1+ 42. Ke2 Rxf4 43. Rg3+ Rxg3 44. hxg3 Rf6 45. Ne8+ 1-0


[Site "https://www.chess.com"]

[Event "Titled Tuesday Blitz October 31 Late 2023"]
[White "Polaczek, Richard"]
[Black "FoxOnTheRun97"]
[WhiteFideId "200026"]
[WhiteElo "2425"]
[BlackElo "2605"]
[Result "0-1"]
[Round "3"]
[TimeControl "180+1"]
[Date "2023.10.31"]
[WhiteClock "0:00:02"]
[BlackClock "0:00:03"]
[Board "85"]

1. d4 Nf6 2. Bg5 Ne4 3. Bf4 d5 4. e3 e6 5. Bd3 Bd6 6. Ne2 Nd7 7. Bxe4 Bxf4 8. Nxf4 dxe4 9. Nc3 Nf6 10. Qe2 O-O 11. O-O-O a5 12. g4 b6 13. g5 Ba6 14. Qe1 Nd5 15. Ncxd5 exd5 16. h4 a4 17. Qb4 a3 18. b3 Bc8 19. h5 Bg4 20. Rdg1 Bf3 21. Rh3 c5 22. Qc3 cxd4 23. Qxd4 Rc8 24. h6 f6 25. gxf6 g6 26. Nxg6 hxg6 27. Rxg6+ Kf7 28. Rg7+ Ke6 29. Re7+ Kd6 30. h7 Rc5 31. Qe5+ Kc6 32. f7 Kb5 33. h8=Q Qc8 34. c3 Rxh8 35. Rxh8 Rxc3+ 36. Kd2 Rc2+ 37. Ke1 Rc1+ 38. Kd2 Qc2# 0-1


[Site "https://www.chess.com"]

[Event "Titled Tuesday Blitz October 31 Late 2023"]
[White "NelsonLinda"]
[Black "Figorito, Nick"]
[BlackFideId "30923689"]
[WhiteElo "2600"]
[BlackElo "2422"]
[Result "0-1"]
[Round "3"]
[TimeControl "180+1"]
[Date "2023.10.31"]
[WhiteClock "0:00:00"]
[BlackClock "0:00:39"]
[Board "86"]

1. c3 Nf6 2. d4 g6 3. Bf4 Bg7 4. Nd2 d5 5. h3 O-O 6. e3 c5 7. Ngf3 b6 8. Be2 Ba6 9. O-O Bxe2 10. Qxe2 Nc6 11. Rfd1 c4 12. e4 dxe4 13. Nxe4 Qd5 14. Nxf6+ Bxf6 15. Nd2 b5 16. Ne4 Bg7 17. Bg3 a5 18. a4 b4 19. Nd2 Rac8 20. Kh2 e6 21. Qxc4 Qxc4 22. Nxc4 Nxd4 23. Nd6 bxc3 24. Nxc8 Rxc8 25. bxc3 Ne2 26. Bd6 Nxc3 27. Rdc1 Rd8 28. Bc7 Ra8 29. Rc2 Nd5 30. Rac1 Nb4 31. Rc5 Nd3 32. R5c4 Nxc1 33. Rxc1 Rc8 0-1


[Site "https://www.chess.com"]

[Event "Titled Tuesday Blitz October 31 Late 2023"]
[White "Karamsetty, Jeevan"]
[Black "Zakarian, David"]
[WhiteFideId "2025337"]
[BlackFideId "13301276"]
[WhiteElo "2598"]
[BlackElo "2419"]
[Result "1-0"]
[Round "3"]
[TimeControl "180+1"]
[Date "2023.10.31"]
[WhiteClock "0:01:04"]
[BlackClock "0:00:59"]
[Board "87"]

1. e4 c5 2. Nc3 a6 3. g3 b5 4. Bg2 Bb7 5. d3 e6 6. Nf3 d6 7. O-O Qc7 8. Bf4 Nf6 9. e5 Nfd7 10. exd6 Bxd6 11. Bxd6 Qxd6 12. Ne4 Qc7 13. Nfg5 Nc6 14. Qh5 g6 15. Qh6 Nde5 16. Nxc5 O-O-O 17. Rfe1 Ng4 18. Qh4 h5 19. h3 Nh6 20. Nxb7 Kxb7 21. Qe4 Nf5 22. Qxc6+ Qxc6 23. Bxc6+ Kxc6 24. Nxf7 Nd4 25. Nxh8 Nf3+ 26. Kg2 Nxe1+ 27. Rxe1 Rxh8 28. Rxe6+ Kb7 29. Rxg6 1-0


[Site "https://www.chess.com"]

[Event "Titled Tuesday Blitz October 31 Late 2023"]
[White "Su, Dion"]
[Black "Ibadov, Dashgyn"]
[WhiteFideId "2029731"]
[BlackFideId "24107514"]
[WhiteElo "2419"]
[BlackElo "2596"]
[Result "0-1"]
[Round "3"]
[TimeControl "180+1"]
[Date "2023.10.31"]
[WhiteClock "0:01:08"]
[BlackClock "0:01:34"]
[Board "88"]

1. e4 e5 2. Nf3 Nc6 3. Bb5 a6 4. Ba4 Nf6 5. d3 b5 6. Bb3 Bc5 7. Nc3 d6 8. h3 h6 9. a3 O-O 10. g4 Nh7 11. Rg1 Nd4 12. g5 Nxf3+ 13. Qxf3 hxg5 14. Qh5 Qf6 15. Rg2 c6 16. h4 g4 17. Bg5 Qf3 18. Nd1 Qxg2 0-1


[Site "https://www.chess.com"]

[Event "Titled Tuesday Blitz October 31 Late 2023"]
[White "Roberson, Peter T"]
[Black "ChessLebaneseSalah"]
[WhiteFideId "412384"]
[WhiteElo "2595"]
[BlackElo "2417"]
[Result "1-0"]
[Round "3"]
[TimeControl "180+1"]
[Date "2023.10.31"]
[WhiteClock "0:00:14"]
[BlackClock "0:00:08"]
[Board "89"]

1. e4 c5 2. Nf3 d6 3. c3 Nf6 4. h3 Nc6 5. Bd3 e5 6. Bc2 d5 7. exd5 Qxd5 8. O-O Be7 9. Re1 O-O 10. d4 cxd4 11. cxd4 exd4 12. Bb3 Qd6 13. Nbd2 b5 14. Ne4 Nxe4 15. Rxe4 Bf5 16. Rf4 Be6 17. Nxd4 Bxb3 18. axb3 Rad8 19. Be3 Bf6 20. Ra6 Qd5 21. Rxf6 Nxd4 22. Rf4 Nxb3 23. Qxd5 Rxd5 24. Rxa7 Nd2 25. b4 Nc4 26. Bc5 Nd6 27. Rd7 Rf5 28. Bxd6 1-0


[Site "https://www.chess.com"]

[Event "Titled Tuesday Blitz October 31 Late 2023"]
[White "Tifferet, Shaked"]
[Black "Makaraci, Tunahan"]
[WhiteFideId "2811529"]
[BlackFideId "6356559"]
[WhiteElo "2593"]
[BlackElo "2415"]
[Result "0-1"]
[Round "3"]
[TimeControl "180+1"]
[Date "2023.10.31"]
[WhiteClock "0:00:44"]
[BlackClock "0:01:09"]
[Board "90"]

1. e4 Nf6 2. e5 Nd5 3. Nf3 d6 4. d4 Nb6 5. Bd3 g6 6. c3 Bg7 7. Nbd2 O-O 8. exd6 cxd6 9. O-O Nc6 10. Re1 Bg4 11. h3 Bxf3 12. Nxf3 e5 13. Bg5 Qc7 14. dxe5 dxe5 15. Qb3 Na5 16. Qb4 Nac4 17. b3 a5 18. Qb5 Nd6 19. Qxb6 Qxb6 20. Rad1 e4 21. Bxe4 Nxe4 22. Rxe4 Rfe8 23. Be7 Qc6 24. Re3 Bf8 25. Bg5 Rxe3 26. Bxe3 Bc5 27. Bh6 Qb6 28. Rd2 Rd8 29. Re2 f6 30. Nd2 Kf7 31. Ne4 Re8 32. Be3 Bxe3 33. Rxe3 Qxe3 34. Nd6+ Ke7 35. Nxe8 Qe1+ 0-1


[Site "https://www.chess.com"]

[Event "Titled Tuesday Blitz October 31 Late 2023"]
[White "Lebedev, Artem S."]
[Black "Colas, Joshua"]
[WhiteFideId "34272747"]
[BlackFideId "2044447"]
[WhiteElo "2413"]
[BlackElo "2590"]
[Result "1/2-1/2"]
[Round "3"]
[TimeControl "180+1"]
[Date "2023.10.31"]
[WhiteClock "0:00:04"]
[BlackClock "0:00:15"]
[Board "91"]

1. e4 c6 2. d4 d5 3. e5 Bf5 4. h4 h5 5. Bd3 Bxd3 6. Qxd3 e6 7. Bg5 Qa5+ 8. Nd2 Qa6 9. c4 Ne7 10. Ngf3 Nd7 11. O-O Nf5 12. Qc2 dxc4 13. Nxc4 Nb6 14. Ne3 g6 15. Bf6 Rg8 16. Rad1 Bh6 17. Ng5 Nd7 18. Ne4 Bxe3 19. fxe3 Nxf6 20. Nxf6+ Kf8 21. Nxg8 Kxg8 22. Qf2 Rf8 23. b3 Nh6 24. Qf4 Ng4 25. Rf3 Qxa2 26. Rdf1 Qxb3 27. Qg5 Qb4 28. Rf4 a5 29. R1f3 a4 30. d5 Qe1+ 31. Rf1 Qxe3+ 32. Kh1 Qxe5 33. Rxg4 Qxg5 34. Rxg5 exd5 35. Re5 b5 36. Re7 d4 37. Rc7 Ra8 38. Rfxf7 a3 39. Rg7+ Kf8 40. Rh7 Kg8 41. Rhg7+ Kh8 42. Rh7+ Kg8 43. Rcg7+ Kf8 44. Rb7 Kg8 45. Rbg7+ Kf8 46. Rf7+ Kg8 47. Rhg7+ Kh8 48. Rh7+ Kg8 49. Rfg7+ 1/2-1/2


[Site "https://www.chess.com"]

[Event "Titled Tuesday Blitz October 31 Late 2023"]
[White "Ahn, Hongjin"]
[Black "Leyva Proenza, Richard"]
[WhiteFideId "13201492"]
[BlackFideId "3500985"]
[WhiteElo "2413"]
[BlackElo "2583"]
[Result "1-0"]
[Round "3"]
[TimeControl "180+1"]
[Date "2023.10.31"]
[WhiteClock "0:00:13"]
[BlackClock "0:00:00"]
[Board "92"]

1. d4 Nf6 2. c4 g6 3. Nc3 Bg7 4. e4 d6 5. Be2 O-O 6. Be3 c5 7. dxc5 Qa5 8. Qd2 dxc5 9. Nf3 Nc6 10. O-O Bg4 11. Qc1 Bxf3 12. Bxf3 e6 13. Bd1 Rfd8 14. f4 Nd4 15. e5 Nd7 16. Ne4 f6 17. b4 Qxb4 18. Rb1 Qa5 19. Rxb7 fxe5 20. fxe5 Bxe5 21. Bg5 Rf8 22. Rxd7 Rxf1+ 23. Kxf1 Rf8+ 24. Bf3 Qxa2 25. Bh6 Qe2+ 26. Kg1 Nxf3+ 27. gxf3 Qxf3 28. Bxf8 Qxe4 29. Bxc5 1-0


[Site "https://www.chess.com"]

[Event "Titled Tuesday Blitz October 31 Late 2023"]
[White "Skatchkov, Valery"]
[Black "Lopez Idarraga, Daniel Eduardo"]
[WhiteFideId "24195812"]
[BlackFideId "4405501"]
[WhiteElo "2582"]
[BlackElo "2412"]
[Result "1-0"]
[Round "3"]
[TimeControl "180+1"]
[Date "2023.10.31"]
[WhiteClock "0:02:41"]
[BlackClock "0:02:09"]
[Board "93"]

1. d4 d5 2. c4 c6 3. Nf3 Nf6 4. Nc3 a6 5. Qc2 dxc4 6. e4 b5 7. b3 cxb3 8. axb3 Bb7 9. Bb2 e6 10. Bd3 c5 11. d5 exd5 12. exd5 Nxd5 13. O-O Nb4 14. Qe2+ Qe7 15. Be4 Bxe4 16. Nxe4 Qe6 17. Nfg5 1-0


[Site "https://www.chess.com"]

[Event "Titled Tuesday Blitz October 31 Late 2023"]
[White "Spichkin, Alexander"]
[Black "Karttunen, Mika"]
[WhiteFideId "4144074"]
[BlackFideId "502081"]
[WhiteElo "2412"]
[BlackElo "2579"]
[Result "0-1"]
[Round "3"]
[TimeControl "180+1"]
[Date "2023.10.31"]
[WhiteClock "0:01:16"]
[BlackClock "0:00:34"]
[Board "94"]

1. f4 Nh6 2. Nf3 d5 3. e3 Nc6 4. Bb5 f6 5. b3 Bd7 6. Bb2 a6 7. Bxc6 Bxc6 8. Nd4 Bd7 9. O-O c5 10. Nf3 e6 11. c4 Bd6 12. Nc3 Bc6 13. Nh4 O-O 14. f5 d4 15. exd4 cxd4 16. Ne2 e5 17. d3 Ng4 18. Bc1 e4 19. Nf4 Bxf4 20. Bxf4 Ne3 21. Bxe3 dxe3 22. d4 e2 23. Qxe2 Qxd4+ 24. Kh1 e3 25. Nf3 Qe4 26. Rae1 Rfe8 27. Ng1 Rad8 28. Nf3 Qxf5 29. b4 Qe4 30. a4 Bxa4 31. b5 axb5 32. c5 Qc4 33. Qd2 exd2 0-1


[Site "https://www.chess.com"]

[Event "Titled Tuesday Blitz October 31 Late 2023"]
[White "Kochiev, Ivan"]
[Black "Rodrigues, Bruno Morado"]
[WhiteFideId "2917890"]
[BlackFideId "2115654"]
[WhiteElo "2577"]
[BlackElo "2411"]
[Result "1-0"]
[Round "3"]
[TimeControl "180+1"]
[Date "2023.10.31"]
[WhiteClock "0:00:04"]
[BlackClock "0:00:03"]
[Board "95"]

1. e4 c5 2. Nf3 Nc6 3. d4 cxd4 4. Nxd4 e5 5. Nb5 d6 6. c4 Be7 7. N1c3 a6 8. Na3 Be6 9. Be2 Bg5 10. O-O Bxc1 11. Rxc1 Nf6 12. Qd3 O-O 13. Nc2 Qb6 14. b3 Rfd8 15. Rfd1 Rac8 16. Na4 Qa5 17. f3 Nh5 18. g3 g6 19. a3 b5 20. cxb5 axb5 21. Qxb5 Qxb5 22. Bxb5 Bxb3 23. Nb6 Rb8 24. Bxc6 Rxb6 25. Bd5 Bxd5 26. exd5 Rc8 27. Nb4 Ra8 28. Rc6 Rb7 29. Rd3 Rd7 30. Rdc3 Ra5 31. Ra6 Ra7 32. Rxd6 Rxa3 33. Rxa3 Rxa3 34. Nc6 Rxf3 35. Nxe5 Re3 36. Nc4 Rd3 37. Rd8+ Kg7 38. d6 Kf6 39. Rc8 Ng7 40. Rc7 Ne6 41. Rc6 Rd4 42. Kf2 h5 43. Ke3 Rd5 44. Nd2 Nd8 45. Ne4+ Ke6 46. Ra6 Nb7 47. d7+ Kxd7 48. Nf6+ 1-0


[Site "https://www.chess.com"]

[Event "Titled Tuesday Blitz October 31 Late 2023"]
[White "Kashefi, Amir Hosein"]
[Black "Rodriguez, Santiago"]
[WhiteFideId "12557935"]
[BlackFideId "3000591"]
[WhiteElo "2571"]
[BlackElo "2409"]
[Result "1-0"]
[Round "3"]
[TimeControl "180+1"]
[Date "2023.10.31"]
[WhiteClock "0:00:03"]
[BlackClock "0:01:01"]
[Board "96"]

1. d4 Nf6 2. Nf3 e6 3. g3 d5 4. Bg2 Be7 5. O-O O-O 6. b3 b6 7. Bb2 Bb7 8. Nbd2 a5 9. a3 a4 10. b4 c5 11. dxc5 bxc5 12. c3 Nbd7 13. Rc1 Qb6 14. Re1 e5 15. e4 dxe4 16. Ng5 e3 17. Rxe3 Bxg2 18. Kxg2 Nd5 19. Ngf3 Nxe3+ 20. fxe3 cxb4 21. cxb4 Rad8 22. Nc4 Qb7 23. Qxa4 f6 24. Na5 Qa8 25. Qb3+ Kh8 26. Nc6 Rde8 27. Qe6 Nc5 28. bxc5 Bxc5 29. Qd5 Bxe3 30. Rc4 Rd8 31. Qe4 Bh6 32. Bc1 Bxc1 33. Rxc1 Qxa3 34. Rc4 Qa2+ 35. Kh3 Rc8 36. Ra4 Qf2 37. Ne7 Rc2 38. Qxh7+ Kxh7 39. Rh4# 1-0


[Site "https://www.chess.com"]

[Event "Titled Tuesday Blitz October 31 Late 2023"]
[White "Ljukin, Sergei"]
[Black "Sargsyan, Anna M."]
[WhiteFideId "14102200"]
[BlackFideId "13308130"]
[WhiteElo "2389"]
[BlackElo "2570"]
[Result "1/2-1/2"]
[Round "3"]
[TimeControl "180+1"]
[Date "2023.10.31"]
[WhiteClock "0:00:04"]
[BlackClock "0:00:04"]
[Board "97"]

1. e4 c6 2. d4 d5 3. e5 Bf5 4. Nd2 e6 5. Nb3 Qc7 6. Nf3 Nd7 7. Be2 h6 8. O-O c5 9. dxc5 Nxc5 10. c3 Nxb3 11. axb3 Bc5 12. b4 Bb6 13. Bb5+ Kf8 14. Qe2 Ne7 15. Be3 a6 16. Bxb6 Qxb6 17. Nd4 Rc8 18. Nxf5 Nxf5 19. Bd3 Ne7 20. h4 d4 21. Rac1 dxc3 22. bxc3 Nd5 23. Qf3 Qc7 24. Be4 Qxe5 25. c4 Nxb4 26. Bxb7 Rc7 27. Rfe1 Qf6 28. Qe4 Ke7 29. c5 Rb8 30. c6 a5 31. Rc5 Qb2 32. Rxa5 Qc3 33. Raa1 Nd3 34. Red1 Nc5 35. Qf4 e5 36. Qg4 Ne6 37. Rac1 Qb2 38. Qe4 Rbxb7 39. cxb7 Rxc1 40. Rxc1 Qxc1+ 41. Kh2 Qb2 42. Qc6 Kf6 43. Qc8 Qxf2 44. b8=Q Qxh4+ 45. Kg1 Qe1+ 46. Kh2 Qh4+ 47. Kg1 Qe1+ 48. Kh2 Qh4+ 1/2-1/2


[Site "https://www.chess.com"]

[Event "Titled Tuesday Blitz October 31 Late 2023"]
[White "Arencibia Monduy, Antonio"]
[Black "Hoffmann, Asa"]
[WhiteFideId "3507939"]
[BlackFideId "2001470"]
[WhiteElo "2568"]
[BlackElo "2407"]
[Result "0-1"]
[Round "3"]
[TimeControl "180+1"]
[Date "2023.10.31"]
[WhiteClock "0:00:00"]
[BlackClock "0:01:03"]
[Board "98"]

1. b3 d6 2. Bb2 e5 3. e3 Nf6 4. c4 Be7 5. Ne2 Bf5 6. d3 O-O 7. Nd2 c6 8. e4 Bg6 9. Ng3 Nbd7 10. Be2 a5 11. O-O Nc5 12. f4 exf4 13. Rxf4 d5 14. e5 Nfd7 15. d4 Nd3 16. Bxd3 Bxd3 17. cxd5 cxd5 18. Qf3 Bg6 19. Qxd5 Bg5 20. Rf2 Be3 21. Qf3 Bxf2+ 22. Qxf2 Rc8 23. Ba3 Re8 24. Nc4 Re6 25. d5 Rxe5 26. Nxe5 Nxe5 27. Rd1 Rc2 28. Qd4 Qg5 29. Bd6 f6 30. a4 h5 31. Bxe5 fxe5 32. Qa7 h4 33. Qb8+ Kh7 34. h3 Qxg3 0-1


[Site "https://www.chess.com"]

[Event "Titled Tuesday Blitz October 31 Late 2023"]
[White "Hoang, Thi Bao Tram"]
[Black "Korpics, Zsolt"]
[WhiteFideId "12401102"]
[BlackFideId "705241"]
[WhiteElo "2565"]
[BlackElo "2379"]
[Result "0-1"]
[Round "3"]
[TimeControl "180+1"]
[Date "2023.10.31"]
[WhiteClock "0:00:00"]
[BlackClock "0:00:07"]
[Board "99"]

1. d4 Nf6 2. Nf3 e6 3. g3 b5 4. Bg2 Bb7 5. O-O c5 6. c3 cxd4 7. cxd4 Be7 8. Bf4 O-O 9. a3 d6 10. Nc3 a6 11. Qd3 Nc6 12. Rfd1 b4 13. axb4 Nxb4 14. Qc4 Nbd5 15. Bd2 a5 16. Nxd5 Bxd5 17. Qa4 Qb6 18. Bxa5 Qxb2 19. Bf1 Rfb8 20. Rdb1 Qxb1 21. Rxb1 Rxb1 22. Qc2 Be4 23. Qd2 Rc8 24. Qe3 d5 25. Ne1 Ra1 26. Bd2 Bd6 27. f3 Bg6 28. Kf2 h6 29. Qb3 Rb1 30. Qa2 h5 31. e4 dxe4 32. Ba6 Rcb8 0-1


[Site "https://www.chess.com"]

[Event "Titled Tuesday Blitz October 31 Late 2023"]
[White "Stanojevic, Ilija"]
[Black "Erdogan, Anil Berk"]
[WhiteFideId "959995"]
[BlackFideId "6348173"]
[WhiteElo "2375"]
[BlackElo "2562"]
[Result "1-0"]
[Round "3"]
[TimeControl "180+1"]
[Date "2023.10.31"]
[WhiteClock "0:00:14"]
[BlackClock "0:00:06"]
[Board "100"]

1. d4 Nf6 2. c4 c5 3. d5 e6 4. Nc3 exd5 5. cxd5 d6 6. g3 g6 7. Bg2 Bg7 8. Nf3 O-O 9. O-O Na6 10. h3 Nc7 11. a4 b6 12. e4 Re8 13. Re1 Nd7 14. Bf4 Ne5 15. Nxe5 Bxe5 16. Bxe5 Rxe5 17. f4 Re8 18. e5 Bb7 19. Qf3 Qd7 20. Rad1 Rad8 21. Ne4 Qxa4 22. Nxd6 Rxd6 23. exd6 Rxe1+ 24. Rxe1 Nxd5 25. Qd1 Qc4 26. Bxd5 Bxd5 27. d7 Be6 28. d8=Q+ Kg7 29. Q8d3 Qb4 30. Qc3+ 1-0


[Site "https://www.chess.com"]

[Event "Titled Tuesday Blitz October 31 Late 2023"]
[White "Colivet Gamboa, Julio Cesar"]
[Black "Przybylski, Wojciech"]
[WhiteFideId "3949583"]
[BlackFideId "1117599"]
[WhiteElo "2371"]
[BlackElo "2561"]
[Result "0-1"]
[Round "3"]
[TimeControl "180+1"]
[Date "2023.10.31"]
[WhiteClock "0:00:33"]
[BlackClock "0:01:19"]
[Board "101"]

1. e4 c6 2. d4 d5 3. exd5 cxd5 4. c4 Nf6 5. Nc3 e6 6. Nf3 Nc6 7. cxd5 exd5 8. Bd3 Bd6 9. O-O O-O 10. Re1 h6 11. h3 Re8 12. Bc2 Rxe1+ 13. Qxe1 Nb4 14. Bb3 Nd3 15. Qd2 Nf4 16. Nb5 Bb8 17. Ne5 Ne6 18. Qd3 Ne4 19. Qf3 N6g5 20. Bxg5 Nxg5 21. Qxd5 Qxd5 22. Bxd5 a6 23. Rc1 Bxe5 24. dxe5 axb5 25. f4 Ne6 26. f5 Nf4 27. Bf3 Bxf5 28. Rc7 Rxa2 29. g4 Be6 30. Rxb7 Nxh3+ 31. Kh2 Ng5 0-1


[Site "https://www.chess.com"]